 Dungeon Crawl Stone Soup version 0.17-a0-1403-g9df874c (webtiles) character file.

8386 bal the Covert (level 11, -5/55 HPs)
             Began as a Vine Stalker Assassin on June 20, 2015.
             Was a High Priest of Nemelex Xobeh.
             Engulfed by a cloud of flame (14 damage)
             ... in a volcano.
             The game lasted 00:37:52 (7764 turns).

bal the Covert (Vine Stalker Assassin)              Turns: 7764, Time: 00:37:52

Health: -5/55      AC:  3    Str: 18    XL:     11   Next: 30%
Magic:  0/15       EV: 17    Int: 11    God:    Nemelex Xobeh [*****.]
Gold:   603        SH:  0    Dex: 18    Spells: 1 memorised, 9 levels left

rFire  . . .     SeeInvis .     b - +0 blowgun
rCold  + . .     Clarity  .     (no armour)
rNeg   . . .     SustAt   .     (no shield)
rPois  .         Gourm    .     (no helmet)
rElec  .         Spirit   +     d - +0 cloak
rCorr  .         Warding  .     (no gloves)
rMut   .         Stasis   .     w - +1 pair of boots
MR     +....                    (no amulet)
Stlth  +++++.....               y - +3 ring of strength
                                o - ring of protection from cold

@: somewhat resistant to hostile enchantments, quite stealthy
A: fangs 3, regeneration 2, magic shield, antimagic bite, no device heal 3, rot
immunity
a: Triple Draw, Deal Four, Stack Five, Renounce Religion


You were in a volcano.
You worshipped Nemelex Xobeh.
Nemelex Xobeh was extremely pleased with you.
You were not hungry.

You visited 2 branches of the dungeon, and saw 10 of its levels.
You also visited: Volcano.

You collected 603 gold pieces.

Inventory:

Hand weapons
 a - a +1 dagger of venom
 b - a +0 blowgun (weapon)
 i - a +2 morningstar of flaming
 n - a cursed -3 hunting sling
 N - a +0 quarterstaff of freezing
 O - a +2 quarterstaff of distortion
 Q - a +2 long sword of holy wrath
Missiles
 e - 48 poisoned needles
 l - 6 javelins
 m - 2 curare-tipped needles (quivered)
 r - 11 needles of sleeping
 v - 4 steel javelins
Armour
 c - a +3 leather armour of fire resistance
 d - a +0 cloak (worn)
 w - a +1 pair of boots (worn)
 x - a +3 leather armour of poison resistance
 A - a +2 robe of fire resistance
 X - a +2 robe of fire resistance
Jewellery
 k - an uncursed ring of flight
 o - a ring of protection from cold (left hand)
 u - an uncursed amulet of clarity
 y - a +3 ring of strength (right hand)
 G - an uncursed amulet of resist corrosion {unknown}
 P - a +2 ring of dexterity {unknown}
 T - an uncursed ring of ice
Magical devices
 s - a wand of cold (6)
 E - a wand of digging (14)
 F - a wand of flame (25)
Scrolls
 h - 2 scrolls of teleportation
 t - 5 scrolls of remove curse
 C - 3 scrolls of identify
 H - 2 scrolls of fear
 I - a scroll of magic mapping
 L - 2 scrolls of enchant armour
Potions
 f - a potion of resistance
 j - 5 potions of haste
 q - a potion of agility
 z - a potion of curing
 B - 3 potions of might
 Y - a potion of berserk rage {unknown}
Books
 R - a Young Poisoner's Handbook

   Spells                             Type                      Level
   a - Sting                          Conjuration/Poison           1
   b - Cure Poison                    Poison                       2
   c - Mephitic Cloud                 Conjuration/Poison/Air       3
   d - Olgreb's Toxic Radiance        Poison                       4
   e - Venom Bolt                     Conjuration/Poison           5
Miscellaneous
 U - a plain deck of escape
Comestibles
 g - 6 bread rations
 p - 4 meat rations
 D - 3 beef jerkies
 J - 2 slices of pizza
 M - 2 fruits


   Skills:
 + Level 5.0 Fighting
 + Level 4.7 Short Blades
 + Level 6.5 Throwing
 + Level 3.8 Armour
 + Level 6.9 Dodging
 + Level 12.1 Stealth
 + Level 5.0 Evocations


You had 9 spell levels left.
You knew the following spells:

 Your Spells              Type           Power        Failure   Level  Hunger
a - Sting                 Conj/Pois      #...         34%         1    ##.....


Dungeon Overview and Level Annotations

Branches:
Dungeon (8/15)             Temple (0/1) D:5            Lair (2/8) D:8

Altars:
Elyvilon
Fedhas
Gozag
Nemelex Xobeh
Ru

Shops:
D:4 *


Innate Abilities, Weirdness & Mutations

You have razor-sharp teeth.
You heal very quickly.
When hurt, damage is shared between your health and your magic reserves.
Your bite disrupts and absorbs the magic of your enemies.
Potions and wands cannot restore your health.
You are immune to rotting.


Message History

There is an open door here.
You open the door.
There is an open door here.
The air gets thick with the scent of sulphur.
There is an open door here.
Things that are here:
a hammer of flaming; a robe of fire resistance; a human skeleton In the distance, the volcano erupts with a roar.
You are engulfed in roaring flames.
Wear which item? (? for menu, Esc to quit)
You are engulfed in roaring flames.
Keep equipping yourself?
You start putting on your armour.
You continue putting on your leather armour of fire resistance.
You are engulfed in roaring flames.
* * * LOW HITPOINT WARNING * * *
You continue putting on your leather armour of fire resistance.
You are engulfed in roaring flames.
You die...
Your body glows with a rainbow of weird colours and disappears.

#.#...)..)'.# #≈≈≈≈≈≈≈≈
#.#########################
#....'.....#........≈.≈#...
########.∩.'.....)≈≈♣≈≈#...
###...#......≈♣♣≈≈#...
##.##'################)
##§§#..#......#...#.#†.)
##§§§§.###§#§#####'#.).∩.
#≈≈≈≈§≈#.§@§§..........#...
##§§≈§§####################
≈§≈§≈≈≈§≈≈≈§§§§§≈≈§§≈§§≈≈§≈
##§§≈§≈≈≈≈≈≈≈≈≈≈§§≈§≈§§§≈§§§
##§§≈§≈§§≈###§≈##§≈≈§§§≈≈§≈
##§§≈≈≈### ######§≈≈≈≈§§§≈
##≈≈## ###≈≈≈§≈§§ ###
##≈≈≈§§#


There were no monsters in sight!

Vanquished Creatures
  Fannar (Lair:1)
  A hydra (Lair:1)
  A black mamba (Lair:1)
  4 spiny frogs
  Sigmund (D:6)
  4 fire bats (Lair:2)
  A basilisk (Lair:2)
  5 humans (Volcano)
  A hippogriff (Lair:1)
  3 ice beasts
  A necrophage (D:8)
  A porcupine (Lair:2)
  2 ogres
  3 water moccasins
  4 phantoms
  A sky beast (D:6)
  2 centaurs
  A crocodile (Lair:2)
  6 giant frogs
  A centaur zombie (D:6)
  2 hounds (D:4)
  A centaur skeleton (D:6)
  2 jellies
  4 worker ants
  2 orc wizards
  4 iguanas
  A sheep (D:7)
  A hound zombie (D:5)
  2 hound skeletons (D:6)
  6 adders
  A river rat (Lair:2)
  3 oozes
  An adder skeleton (D:8)
  4 worms
  5 giant geckos
  10 orcs
  A bat skeleton (D:6)
  19 goblins
  9 hobgoblins
  10 kobolds
  A quokka (D:2)
  2 ball pythons
  13 bats
  7 giant cockroaches
  9 giant newts
  A jackal skeleton (D:4)
  14 rats
  A fungus (Lair:1)
180 creatures vanquished.

Vanquished Creatures (collateral kills)
  3 toenail golems (Volcano)
  A komodo dragon (Lair:2)
  2 humans
  The ghost of bal the Sneak, an average VSAs of Nemelex Xobeh (D:5)
  A hog (D:7)
  Edmund (D:6)
  3 orc warriors
  Blork the orc (D:6)
  A crocodile (Lair:1)
  2 gnoll sergeants
  A giant frog (Lair:1)
  A scorpion (D:6)
  An orc priest (D:5)
  An orc wizard (D:8)
  An iguana (Lair:1)
  2 sheep (D:7)
  6 gnolls
  16 river rats
  An adder skeleton (D:5)
  2 giant geckos (D:5)
  9 orcs
  2 quokkas
  A ball python (D:7)
60 creatures vanquished.

Grand Total: 240 creatures vanquished

Notes
Turn   | Place    | Note
--------------------------------------------------------------
     0 | D:1      | bal the Vine Stalker Assassin began the quest for the Orb.
     0 | D:1      | Reached XP level 1. HP: 11/11 MP: 2/2
    47 | D:1      | Reached skill level 5 in Stealth
   145 | D:1      | Reached XP level 2. HP: 12/15 MP: 3/3
   605 | D:1      | Reached XP level 3. HP: 12/18 MP: 2/4
   702 | D:2      | Reached skill level 1 in Dodging
   860 | D:2      | Found a faded altar to an unknown god.
  1061 | D:2      | Found a blossoming altar of Fedhas.
  1132 | D:3      | Reached skill level 6 in Stealth
  1132 | D:3      | Reached XP level 4. HP: 21/23 MP: 3/5
  1180 | D:3      | Found a sparkling altar of Nemelex Xobeh.
  1184 | D:3      | Found a sacrificial altar of Ru.
  1198 | D:3      | Found a white marble altar of Elyvilon.
  1202 | D:3      | Became a worshipper of Nemelex Xobeh the Trickster
  1275 | D:3      | Received a gift from Nemelex Xobeh
  1319 | D:3      | Found an opulent altar of Gozag.
  1650 | D:3      | Noticed a centaur
  1652 | D:3      | Killed a centaur
  1652 | D:3      | Reached XP level 5. HP: 26/26 MP: 6/6
  1712 | D:3      | Reached skill level 7 in Stealth
  1909 | D:4      | Noticed a phantom
  1914 | D:4      | Killed a phantom
  1914 | D:4      | Gained mutation: You heal very quickly. [Vine Stalker growth]
  1914 | D:4      | Reached XP level 6. HP: 24/32 MP: 5/7
  2064 | D:4      | Noticed a phantom
  2068 | D:4      | Noticed an insubstantial wisp
  2068 | D:4      | Noticed an insubstantial wisp
  2068 | D:4      | Noticed an insubstantial wisp
  2088 | D:4      | Killed a phantom
  2220 | D:4      | Reached skill level 8 in Stealth
  2241 | D:4      | Found Zarrenekub's General Store.
  2262 | D:4      | Reached XP level 7. HP: 35/35 MP: 8/8
  2332 | D:4      | Noticed an ogre
  2339 | D:4      | Killed an ogre
  2520 | D:5      | Entered Level 5 of the Dungeon
  2627 | D:5      | Found a staircase to the Ecumenical Temple.
  2811 | D:5      | Received a gift from Nemelex Xobeh
  2916 | D:5      | Noticed bal's ghost (average VSAs)
  2924 | D:5      | Killed bal's ghost
  3203 | D:6      | Received a gift from Nemelex Xobeh
  3247 | D:6      | Reached skill level 1 in Armour
  3247 | D:6      | Gained mutation: You have razor-sharp teeth. [Vine Stalker growth]
  3247 | D:6      | Reached XP level 8. HP: 21/40 MP: 9/9
  3250 | D:6      | Noticed Sigmund
  3364 | D:6      | Reached skill level 9 in Stealth
  3368 | D:6      | Killed Sigmund
  3449 | D:6      | Noticed Blork the orc
  3463 | D:6      | Killed Blork the orc
  3615 | D:6      | Noticed Edmund
  3620 | D:6      | Killed Edmund
  3780 | D:6      | Reached skill level 1 in Evocations
  4216 | D:7      | Reached XP level 9. HP: 45/45 MP: 10/10
  4394 | D:7      | Noticed a purple ugly thing
  4451 | D:7      | Killed a purple ugly thing
  4531 | D:7      | Reached skill level 5 in Dodging
  4539 | D:7      | Reached skill level 10 in Stealth
  4834 | D:8      | Received a gift from Nemelex Xobeh
  5088 | D:8      | Acquired Nemelex Xobeh's first power
  5146 | D:8      | Noticed Iffesky the pandemonium lord
  5384 | D:8      | Received a gift from Nemelex Xobeh
  5389 | D:8      | Found an opulent altar of Gozag.
  5444 | D:8      | Found a staircase to the Lair.
  5802 | Lair:1   | Entered Level 1 of the Lair of Beasts
  5822 | Lair:1   | Noticed a spiny frog
  5837 | Lair:1   | Killed a spiny frog
  5883 | Lair:1   | Noticed a spiny frog
  5884 | Lair:1   | Killed a spiny frog
  5884 | Lair:1   | Reached skill level 11 in Stealth
  5884 | Lair:1   | Reached XP level 10. HP: 49/51 MP: 11/13
  5986 | Lair:1   | Learned a level 1 spell: Sting
  5989 | Lair:1   | Noticed a spiny frog
  6008 | Lair:1   | Killed a spiny frog
  6013 | Lair:1   | Noticed a black mamba
  6034 | Lair:1   | Killed a black mamba
  6165 | Lair:1   | Acquired Nemelex Xobeh's second power
  6293 | Lair:1   | Received a gift from Nemelex Xobeh
  6399 | Lair:1   | Received a gift from Nemelex Xobeh
  6599 | Lair:1   | Noticed a five-headed hydra
  6612 | Lair:1   | Killed a five-headed hydra
  6708 | Lair:1   | Noticed Fannar
  6718 | Lair:1   | Killed Fannar
  6825 | Lair:2   | Reached skill level 5 in Throwing
  6833 | Lair:2   | Acquired Nemelex Xobeh's third power
  7206 | Lair:2   | Reached skill level 12 in Stealth
  7283 | Lair:2   | Reached XP level 11. HP: 54/54 MP: 15/15
  7310 | Lair:2   | Received a gift from Nemelex Xobeh
  7403 | Lair:2   | Found a dark tunnel.
  7428 | Volcano  | Entered a volcano
  7448 | Volcano  | Reached skill level 5 in Fighting
  7617 | Volcano  | Reached skill level 5 in Evocations
  7764 | Volcano  | Engulfed by a cloud of flame

Vault maps used:
D:1:      dpeg_arrival_rhombus
D:2:      lemuel_coloured_pillars_altar, ecumenical_altar_2
D:3:      grunt_temple_overflow_open, kennysheep_pointless_box,
          nicolae_gozag_seed_capital
D:4:      first_bread, serial_shops, shop_statue
D:5:      kennysheep_six_static_rooms, minmay_temple_entry_overgrown,
          serial_curves, eino_curves_04, eino_curves_01, eino_curves_03,
          eino_curves_01
D:6:      uniq_sigmund, uniq_edmund, uniq_blork_the_orc
D:7:      grunt_livestock
D:8:      lemuel_doored_altar, lair_0_dummy, kennysheep_flooded_box
Lair:1:   grunt_megastairs_4, infiniplex_staircase_pool_2, serial_bayou_shore_b,
          uniq_fannar
Lair:2:   nicolae_volcano_entry_batcave
Volcano:  volcano_bunker

Action                   |  1- 3 |  4- 6 |  7- 9 | 10-12 || total
-------------------------+-------+-------+-------+-------++-------
Melee: Dagger            |    89 |    94 |   324 |    65 ||   572
 Fire: Blowgun           |    14 |     5 |     5 |     7 ||    31
Throw: Javelin           |     1 |     9 |    19 |    38 ||    67
Evoke: Deck              |       |     7 |    27 |    27 ||    61
       Wand              |       |       |       |     5 ||     5
  Use: Scroll            |     6 |       |     9 |     3 ||    18
       Potion            |     2 |       |     3 |     7 ||    12
 Stab: Sleeping          |     9 |    15 |    24 |     4 ||    52
       Distracted        |     1 |       |     2 |       ||     3
  Eat: Pizza             |     1 |     1 |     3 |     2 ||     7
       Bread ration      |       |     1 |       |       ||     1
       Chunk             |       |       |     5 |       ||     5
       Royal jelly       |       |       |     1 |       ||     1
       Meat ration       |       |       |       |     1 ||     1
